 Dungeon Crawl Stone Soup version 0.22-a0-348-gd16d139 (webtiles) character file.

108 mortelune the Firebug (level 4, -3/33 HPs)
             Began as a Draconian Fire Elementalist on Apr 8, 2018.
             Slain by Grinder (11 damage)
             ... on level 3 of the Dungeon on Apr 9, 2018.
             The game lasted 00:06:31 (3483 turns).

mortelune the Firebug (Draconian Fire Elementalist) Turns: 3483, Time: 00:06:32

Health: -3/33      AC:  5    Str: 10    XL:     4   Next: 58%
Magic:  0/8        EV: 12    Int: 16    God:
Gold:   92         SH:  0    Dex: 12    Spells: 2/8 levels left

rFire    . . .     SeeInvis .   k - +1 mace (drain)
rCold    . . .     Gourm    .   (no shield)
rNeg     . . .     Faith    .   (armour unavailable)
rPois    .         Spirit   .   (helmet restricted)
rElec    .         Reflect  .   (no cloak)
rCorr    .         Harm     .   (no gloves)
MR       .....                  (no boots)
Stlth    ++........             (no amulet)
HPRegen  0.11/turn              (no ring)
MPRegen  0.11/turn              (no ring)

@: very slightly contaminated
A: unfitting armour, cold-blooded, AC +5
a: no special abilities


You were on level 3 of the Dungeon.
You were not hungry.

You visited 1 branch of the dungeon, and saw 3 of its levels.

You collected 92 gold pieces.

Inventory:

Hand Weapons
 a - a +0 club
 k - a +1 mace of draining (weapon)
Scrolls
 h - 2 scrolls of blinking {unknown}
 j - a scroll of amnesia {unknown}
 m - a scroll of remove curse {unknown}
Potions
 c - a potion of haste {unknown}
 d - 2 potions of might
 f - a potion of flight {unknown}
 g - 2 potions of lignification
 i - 2 potions of brilliance {unknown}
Comestibles
 b - 5 rations
 l - 6 chunks of flesh


   Skills:
 - Level 1.7 Dodging
 - Level 1.7 Stealth
 + Level 2.7 Spellcasting
 * Level 3.2 Conjurations
 + Level 3.7 Fire Magic


You had 2 spell levels left.
You knew the following spells:

 Your Spells              Type           Power        Failure   Level  Hunger
a - Flame Tongue          Conj/Fire      ##...        4%          1    #......
b - Throw Flame           Conj/Fire      ##....       7%          2    ##.....
c - Conjure Flame         Conj/Fire      ##......     14%         3    ###....


Dungeon Overview and Level Annotations

Branches:
Dungeon (3/15)

Altars:

Annotations:
D:2 Sigmund, Terence
D:3 Grinder


Innate Abilities, Weirdness & Mutations

Your plain brown scales are hard. (AC +5)
You cannot fit into any form of body armour.
You are cold-blooded and may be slowed by cold attacks.


Message History

Pain shoots through your body!
You sock Grinder!
Grinder is moderately wounded.
Grinder hits you but does no damage.
You sock Grinder!
Grinder is heavily wounded.
Grinder misses you. Grinder hits you.
* * * LOW HITPOINT WARNING * * *
You hit Grinder but do no damage.
Grinder is heavily wounded.
Grinder closely misses you.
Casting: Flame Tongue (safe; 4% risk of failure)
Confirm with . or Enter, or press ? or * to list all spells.
Aiming: Flame Tongue (safe; 4% risk of failure)
Press: ? - help, Shift-Dir - straight line, f/p - Grinder
Aim: Grinder (heavily wounded)
The flame tongue hits Grinder.
Grinder is severely wounded.
Grinder hits you!
You die...

.................
#....####.......#
........#.#####..
#...#...#.#########
........#.........#
#...#.#.#########.#
#...#.#.# #.#
#.....# # #####.#
#..##.# #..5@.#
#..# ## ####.#####
...# #....# #.##
#§#### #... #.#
##### #..§....5
#########


You could see Grinder.

Vanquished Creatures
  4 adders
  An ooze (D:3)
  2 worms
  4 dart slugs
  A leopard gecko (D:2)
  3 giant cockroaches
  3 hobgoblins
  4 jackals (D:3)
  9 kobolds
  A quokka (D:3)
  A ball python (D:3)
  4 bats (D:1)
  8 frilled lizards
  7 goblins
  7 rats
59 creatures vanquished.

Notes
Turn   | Place    | Note
-------+----------+-------------------------------------------
     0 | D:1      | mortelune the Draconian Fire Elementalist began the quest for the Orb.
     0 | D:1      | Reached XP level 1. HP: 14/14 MP: 3/3
     5 | D:1      | Noticed a five-headed hydra
   261 | D:1      | Reached XP level 2. HP: 20/20 MP: 0/5
   318 | D:1      | Learned a level 2 spell: Throw Flame
  1257 | D:1      | Noticed a death yak
  1394 | D:2      | Reached XP level 3. HP: 26/26 MP: 3/6
  2265 | D:2      | Noticed Terence
  2426 | D:2      | Reached XP level 4. HP: 33/33 MP: 4/7
  2431 | D:2      | Learned a level 3 spell: Conjure Flame
  2453 | D:2      | Noticed Sigmund
  3464 | D:3      | Noticed Grinder
  3483 | D:3      | Slain by Grinder

Vault maps used:
D:1:      sevenhm_arrival_forest_fort_small_2
D:2:      nrook_mini_backslash, uniq_terence, uniq_crazy_yiuf_cottage,
          uniq_sigmund
D:3:      first_ration, uniq_jessica, uniq_grinder

Skill      XL: |  1  2  3  4 |
---------------+-------------+-----
Conjurations   | 2 3 |  3.2
Dodging        | |  1.7
Stealth        | |  1.7
Spellcasting   | |  2.7
Fire Magic     | |  3.7

Action                   |  1- 3 |  4- 6 || total
-------------------------+-------+-------++-------
Melee: Club              |     3 |     1 ||     4
       Mace              |       |     3 ||     3
 Cast: Flame Tongue      |    41 |    34 ||    75
       Throw Flame       |    27 |     9 ||    36
       Conjure Flame     |       |     1 ||     1
  Use: Scroll            |       |     3 ||     3
  Eat: Chunk             |     7 |     4 ||    11
Armor: Skin              |     1 |     5 ||     6
Dodge: Dodged            |    15 |     8 ||    23

Table legend:
 A = Spawn XP
 B = Non-spawn XP
 C = Spawn XP percentage of total XP
 D = Spawn monster count
 E = Non-spawn monster count
 F = Spawn count percentage of total count
 G = Total turns spent on level
                    A         B        C        D         E        F      G
               +---------+---------+-------+---------+---------+-------+---------
         Total |       0 |     155 |   0.0 |       0 |      59 |   0.0 |  3483
               +---------+---------+-------+---------+---------+-------+---------
           D:1 |       0 |      39 |   0.0 |       0 |      25 |   0.0 |  1322
           D:2 |       0 |      67 |   0.0 |       0 |      18 |   0.0 |  1157
           D:3 |       0 |      49 |   0.0 |       0 |      16 |   0.0 |  1004
               +---------+---------+-------+---------+---------+-------+---------
